AoeStats
← miguelon01

Arena

509626131Analyzed
4v4 RM · 4d ago on Sep 27, 2026· 49m 42s· 8 players
Game mode
Random Map
Map size
Large (8 player)
Population
200
Speed
Normal
Resources
Standard
Victory
Conquest
Starting age
Dark Age
Ending age
Imperial Age
RankedLock teamsTeams togetherTeam positionsShared explorationLock speedFull tech treeHidden civsTurbo modeCheats
Victory
Defeat
🇬🇧 Burmese · United Kingdom
1177
+14
🇷🇺 Teutons · Russia
1131
+16
🇰🇷 Cumans · South Korea
1107
+17
🇹🇼 Italians · Taiwan
1099
+17
🇧🇷 Mongols · Brazil
1154
-17
🇮🇹 Huns · Italy
1147
-16
🇬🇧 Japanese · United Kingdom
1124
-16
🇬🇧 Sicilians · United Kingdom
1095
-15
[-----3cm-----]
10:04 Feudal Age
14:04 Castle Age
12:27 Double-Bit Axe
12:54 Horse Collar
24:30 Gold Mining
25:06 Stone Mining
28:51 Imperial Age
26:43 Bow Saw
27:03 Forging
27:33 Wheelbarrow
27:47 Stone Shaft Mining
28:19 Heavy Plow
28:09 Loom
28:10 Town Watch
29:15 Iron Casting
28:41 Scale Mail Armor
29:00 Gambesons
29:16 Squires
29:32 Arson
30:59 Conscription
30:00 Elite Teutonic Knight
31:44 Blast Furnace
31:01 Chain Mail Armor
31:29 Hand Cart
32:30 Crop Rotation
33:05 Two-Man Saw
32:36 Town Patrol
33:55 Plate Mail Armor
34:15 Pikeman
35:36 Scale Barding Armor
35:39 Halberdier
37:24 Capped Ram
38:30 Ironclad
Starscream
10:56 Feudal Age
11:51 Horse Collar
14:32 Castle Age
18:10 Heavy Plow
20:24 Wheelbarrow
21:35 Stone Mining
22:42 Hand Cart
22:47 Loom
22:51 Town Watch
24:34 Fortified Wall
24:49 Gold Mining
26:11 Gold Shaft Mining
25:52 Masonry
26:00 Fletching
26:53 Murder Holes
29:35 Imperial Age
27:27 Padded Archer Armor
28:14 Bodkin Arrow
29:20 Ballistics
30:00 Bloodlines
29:50 Husbandry
30:00 Bloodlines
30:24 Manipur Cavalry
32:24 Conscription
32:13 Treadmill Crane
33:04 Architecture
32:39 Siege Engineers
34:28 Chemistry
33:30 Bracer
33:41 Elite Arambai
47:16 Town Patrol
46:38 Light Cavalry
47:28 Scale Barding Armor
47:33 Forging
SHK
2:01 Loom
10:29 Feudal Age
14:51 Castle Age
13:09 Double-Bit Axe
13:30 Horse Collar
15:58 Bow Saw
16:22 Heavy Plow
23:19 Bloodlines
24:16 Gold Mining
26:28 Wheelbarrow
26:58 Gold Shaft Mining
32:00 Imperial Age
32:19 Hand Cart
34:09 Conscription
35:26 Cavalier
37:09 Paladin
39:05 Forging
42:04 Iron Casting
41:34 Scale Barding Armor
48:11 Blast Furnace
49:00 Chain Barding Armor
jasonpanex
7:24 Loom
8:04 Loom
9:54 Feudal Age
11:55 Double-Bit Axe
15:52 Horse Collar
19:02 Castle Age
16:55 Stone Mining
18:11 Fletching
20:03 Wheelbarrow
20:14 Bodkin Arrow
24:59 Gold Mining
25:45 Stone Shaft Mining
27:16 Bow Saw
27:43 Padded Archer Armor
32:40 Imperial Age
30:58 Town Watch
33:19 Ballistics
32:55 Murder Holes
32:41 Treadmill Crane
34:00 Bracer
35:44 Chemistry
35:29 Conscription
36:21 Leather Archer Armor
37:32 Two-Man Saw
39:07 Murder Holes
40:26 Pirotechnia
41:15 Hand Cart
41:00 Town Patrol
41:39 Heavy Plow
44:00 Bloodlines
43:50 Husbandry
43:11 Light Cavalry
43:54 Treadmill Crane
44:02 Hussar
45:45 Scale Barding Armor
45:50 Forging
46:50 Chain Barding Armor
46:41 Forging
Justaerin
0:45 Loom
10:17 Feudal Age
10:45 Double-Bit Axe
18:16 Castle Age
17:17 Scale Mail Armor
18:20 Arson
19:30 Chain Mail Armor
19:17 Squires
28:14 Wheelbarrow
30:19 Gold Mining
30:41 Bow Saw
32:05 Stone Mining
34:24 Guard Tower
35:43 Gold Shaft Mining
35:22 Masonry
37:06 Hand Cart
37:08 Murder Holes
37:34 Ballistics
37:42 Elite Skirmisher
42:35 Imperial Age
40:21 Thumb Ring
40:09 Fletching
40:29 Forging
40:20 Padded Archer Armor
42:13 Bodkin Arrow
42:35 Fortified Wall
42:43 Yasama
43:26 Leather Archer Armor
43:46 Iron Casting
42:39 Elite Samurai
43:41 Conscription
44:43 Keep
43:53 Arrowslits
Tikka Masala
10:27 Feudal Age
11:47 Double-Bit Axe
17:53 Castle Age
18:11 Crossbowman
19:50 Fletching
20:52 Pikeman
22:40 Loom
24:21 Wheelbarrow
26:49 Hand Cart
26:46 Bow Saw
27:54 Bodkin Arrow
28:22 Gold Mining
28:23 Stone Mining
32:40 Imperial Age
30:32 Thumb Ring
30:53 Ballistics
31:30 Scale Barding Armor
33:18 Gold Shaft Mining
33:19 Chain Barding Armor
32:42 Heavy Cavalry Archer
34:25 Chemistry
33:41 Bracer
34:40 Parthian Tactics
35:57 Town Watch
37:35 Plate Barding Armor
37:50 Conscription
38:55 Murder Holes
39:20 Marauders
Creedling
11:25 Feudal Age
9:43 Loom
12:49 Wheelbarrow
12:39 Double-Bit Axe
16:16 Horse Collar
18:31 Scale Mail Armor
18:41 Forging
23:48 Castle Age
22:47 Forging
23:11 Fletching
24:33 Scale Barding Armor
27:04 Bow Saw
28:03 Heavy Plow
32:37 Hand Cart
32:40 Gold Mining
37:23 Imperial Age
37:31 Bodkin Arrow
38:12 Iron Casting
38:14 Husbandry
38:25 Bloodlines
38:53 Padded Archer Armor
39:10 Elite Skirmisher
39:23 Crossbowman
miguelon01
10:35 Feudal Age
11:35 Double-Bit Axe
12:54 Gold Mining
15:20 Bloodlines
19:07 Castle Age
17:27 Stone Mining
18:47 Horse Collar
24:01 Loom
24:56 Fletching
25:12 Scale Barding Armor
28:24 Forging
29:39 Wheelbarrow
29:32 Bow Saw
33:23 Imperial Age
30:43 Light Cavalry
32:43 Chain Barding Armor
33:28 Gold Shaft Mining
33:10 Husbandry
36:37 Heavy Camel Rider
38:19 Hussar
41:57 Bodkin Arrow
42:32 Ballistics
Connection lost

Rejoining the realm…

Still unreachable

The connection could not be restored.

Session expired

The server has moved on; the page needs a fresh start.